3A
KENNESAW JETS @ YUCCA VALLEY YELLOWS
08/09/2042
 
TOP OF THE 1ST
Kennesaw Jets batting - Pitching for Yucca Valley Yellows : LHP Steve Walden
Pitching: LHP Steve Walden
Batting: RHB Will Gamble 0-0: Ball
1-0: Fly out, F9 (Flyball, 9D, EV 98.1 MPH)
Batting: LHB Ta-hye Keng 0-0: Ball
1-0: Called Strike
1-1: Called Strike
1-2: Strikes out swinging
Batting: RHB Rubén Nuañez 0-0: Called Strike
0-1: Ball
1-1: Called Strike
1-2: Ball
2-2: Ball
3-2: Foul Ball, location: 2F
3-2: Foul Ball, location: 2F
3-2: Ground out 6-3 (Groundball, 6, EV 86.2 MPH)
Top of the 1st over - 0 runs, 0 hits, 0 errors, 0 left on base; Kennesaw 0 - Yucca Valley 0
BOTTOM OF THE 1ST
Yucca Valley Yellows batting - Pitching for Kennesaw Jets : LHP Pete Miller
Pitching: LHP Pete Miller
Batting: RHB Steffen Schulte 0-0: SINGLE (Line Drive, 8RS, EV 92.5 MPH)
Batting: RHB Jochen Nelis 0-0: Ball
1-0: Reached on error, E5 (Groundball, 56S, EV 61.2 MPH)
Steffen Schulte to second
Batting: LHB Elijah Scott 0-0: Called Strike
Steffen Schulte steals 3rd, throwing error, E2
Steffen Schulte scores
Jochen Nelis to third
0-1: Ball
1-1: Ball
2-1: Called Strike
2-2: Ball
3-2: Strikes out swinging
Batting: RHB Aaron Tuttle 0-0: Called Strike
0-1: Called Strike
0-2: Fly out, F5 (Popup, 5S, EV 83.1 MPH)
Batting: LHB Tony San Pedro 0-0: Swinging Strike
0-1: Ball
1-1: SINGLE (Groundball, 56D, EV 96.9 MPH)
Jochen Nelis scores
Batting: RHB Dave Reynolds 0-0: Ball
1-0: Ball
2-0: Called Strike
2-1: Reached on error, E6 (Groundball, 6, EV 84.4 MPH)
Tony San Pedro to second
Batting: RHB Alfonso Ramos 0-0: Ball
1-0: Ball
2-0: Called Strike
2-1: Ball
3-1: Base on Balls
Tony San Pedro to third
Dave Reynolds to second
Batting: RHB Denny Wolfe 0-0: Swinging Strike
0-1: Ground out 4-3 (Groundball, 4, EV 86.9 MPH)
Bottom of the 1st over - 2 runs, 2 hits, 3 errors, 3 left on base; Kennesaw 0 - Yucca Valley 2
TOP OF THE 2ND
Kennesaw Jets batting - Pitching for Yucca Valley Yellows : LHP Steve Walden
Batting: LHB Adrian Beard 0-0: Fly out, F7 (Flyball, 7S, EV 88.8 MPH)
Batting: RHB Wally Harrison 0-0: Ball
1-0: Ball
2-0: Ball
3-0: Called Strike
3-1: Fly out, F4 (Popup, 34D, EV 60.6 MPH)
Batting: LHB Steve Hodge 0-0: Called Strike
0-1: Ball
1-1: Fly out, F9 (Flyball, 9D, EV 94.4 MPH)
Top of the 2nd over - 0 runs, 0 hits, 0 errors, 0 left on base; Kennesaw 0 - Yucca Valley 2
BOTTOM OF THE 2ND
Yucca Valley Yellows batting - Pitching for Kennesaw Jets : LHP Pete Miller
Batting: LHB Reginald James 0-0: Ball
1-0: Ball
2-0: Ball
3-0: Called Strike
3-1: Base on Balls
Batting: RHB Steffen Schulte 0-0: Ball
1-0: Foul Ball, location: 2F
1-1: Ball
2-1: Ball
3-1: Foul Ball, location: 2F
3-2: SINGLE (Groundball, 34D, EV 93.8 MPH)
Reginald James to second
Reginald James to third
Batting: RHB Jochen Nelis 0-0: Called Strike
0-1: Ball
1-1: Called Strike
1-2: SINGLE (Line Drive, 34D, EV 106.2 MPH)
Reginald James scores
Steffen Schulte to second
Runner from 2nd tries for 3rd, SAFE, throw by RF made to third
Batting: LHB Elijah Scott 0-0: Ball
1-0: Foul Ball, location: 2F
1-1: Swinging Strike
1-2: Strikes out looking
Batting: RHB Aaron Tuttle 0-0: Ball
1-0: Ball
2-0: Ball
3-0: Base on Balls
Jochen Nelis to second
Batting: LHB Tony San Pedro 0-0: Foul Ball, location: 2F
0-1: Ball
1-1: Foul Ball, location: 2F
1-2: Foul Ball, location: 2F
1-2: Ball
2-2: Foul Ball, location: 2F
2-2: Fly out, F9 (Flyball, 9D, EV 76.2 MPH)
Runner from 3rd tags up, SCORES, no throw by RF
Batting: RHB Dave Reynolds 0-0: Called Strike
0-1: Swinging Strike
0-2: Strikes out swinging
Bottom of the 2nd over - 2 runs, 2 hits, 0 errors, 2 left on base; Kennesaw 0 - Yucca Valley 4
TOP OF THE 3RD
Kennesaw Jets batting - Pitching for Yucca Valley Yellows : LHP Steve Walden
Batting: RHB Steve Gill 0-0: Ground out 6-3 (Groundball, 6S, EV 73.1 MPH)
Batting: LHB José Costa 0-0: Called Strike
0-1: Ball
1-1: Foul Ball, location: 2F
1-2: Foul Ball, location: 2F
1-2: Ball
2-2: Fly out, F7 (Line Drive, 7D, EV 91.2 MPH)
Batting: LHB Jin-song Au-Yong 0-0: Ball
1-0: Ball
2-0: Ball
3-0: Base on Balls
Batting: RHB Will Gamble 0-0: Swinging Strike
0-1: Ball
1-1: Called Strike
1-2: Strikes out swinging
Top of the 3rd over - 0 runs, 0 hits, 0 errors, 1 left on base; Kennesaw 0 - Yucca Valley 4
BOTTOM OF THE 3RD
Yucca Valley Yellows batting - Pitching for Kennesaw Jets : LHP Pete Miller
Batting: RHB Alfonso Ramos 0-0: Ground out 1-3 (Groundball, 13, EV 82.5 MPH)
Batting: RHB Denny Wolfe 0-0: Ball
1-0: Ball
2-0: Ball
3-0: Called Strike
3-1: Called Strike
3-2: Fly out, F8 (Flyball, 8RM, EV 89.4 MPH)
Batting: LHB Reginald James 0-0: Called Strike
0-1: Ball
1-1: Foul Ball, location: 2F
1-2: Strikes out swinging
Bottom of the 3rd over - 0 runs, 0 hits, 0 errors, 0 left on base; Kennesaw 0 - Yucca Valley 4
TOP OF THE 4TH
Kennesaw Jets batting - Pitching for Yucca Valley Yellows : LHP Steve Walden
Batting: LHB Ta-hye Keng 0-0: Called Strike
0-1: Foul Ball, location: 2F
0-2: Ball
1-2: Foul Ball, location: 2F
1-2: Foul Ball, location: 2F
1-2: Strikes out looking
Batting: RHB Rubén Nuañez 0-0: Ball
1-0: Called Strike
1-1: Foul Ball, location: 2F
1-2: Strikes out swinging
Batting: LHB Adrian Beard 0-0: Foul Ball, location: 2F
0-1: Fly out, F6 (Popup, 6S, EV 78.1 MPH)
Top of the 4th over - 0 runs, 0 hits, 0 errors, 0 left on base; Kennesaw 0 - Yucca Valley 4
BOTTOM OF THE 4TH
Yucca Valley Yellows batting - Pitching for Kennesaw Jets : LHP Pete Miller
Batting: RHB Steffen Schulte 0-0: Ball
1-0: Called Strike
1-1: Ball
2-1: Called Strike
2-2: Ground out 6-3 (Groundball, 6S, EV 63.8 MPH)
Batting: RHB Jochen Nelis 0-0: Called Strike
0-1: Foul Ball, location: 2F
0-2: Ball
1-2: Ball
2-2: Ball
3-2: Base on Balls
Batting: LHB Elijah Scott 0-0: Ball
1-0: Ball
2-0: Called Strike
2-1: Foul Ball, location: 2F
2-2: Strikes out looking
Jochen Nelis is caught stealing 2nd base 2-6
Batter strikes out.
Bottom of the 4th over - 0 runs, 0 hits, 0 errors, 0 left on base; Kennesaw 0 - Yucca Valley 4
TOP OF THE 5TH
Kennesaw Jets batting - Pitching for Yucca Valley Yellows : LHP Steve Walden
Batting: RHB Wally Harrison 0-0: Swinging Strike
0-1: Ball
1-1: Ball
2-1: Foul Ball, location: 2F
2-2: Foul Ball, location: 2F
2-2: Foul Ball, location: 2F
2-2: Strikes out looking
Batting: LHB Steve Hodge 0-0: Called Strike
0-1: Called Strike
0-2: Strikes out swinging
Batting: RHB Steve Gill 0-0: Foul Ball, location: 2F
0-1: Ground out 6-3 (Groundball, 6, EV 81.2 MPH)
Top of the 5th over - 0 runs, 0 hits, 0 errors, 0 left on base; Kennesaw 0 - Yucca Valley 4
BOTTOM OF THE 5TH
Yucca Valley Yellows batting - Pitching for Kennesaw Jets : LHP Pete Miller
Batting: RHB Aaron Tuttle 0-0: Called Strike
0-1: Foul Ball, location: 2F
0-2: Foul Ball, location: 2F
0-2: Foul Ball, location: 2F
0-2: SINGLE (Line Drive, 8LS, EV 87.5 MPH)
Batting: LHB Tony San Pedro 0-0: Called Strike
0-1: Foul Ball, location: 2F
0-2: SINGLE (Groundball, 6D, EV 104.4 MPH)
Aaron Tuttle to second
Batting: RHB Dave Reynolds 0-0: Ball
1-0: Ball
2-0: Bunted foul
2-1: Bunted foul
2-2: Foul Ball, location: 2F
2-2: Strikes out looking
Batting: RHB Alfonso Ramos 0-0: Called Strike
0-1: Ball
Aaron Tuttle steals 3rd, throwing error, E2
Aaron Tuttle scores
Tony San Pedro to third
1-1: Swinging Strike
1-2: Ball
2-2: Foul Ball, location: 2F
2-2: SINGLE (Groundball, 34D, EV 103.1 MPH)
Tony San Pedro scores
Batting: RHB Denny Wolfe 0-0: Foul Ball, location: 2F
0-1: Ball
1-1: Swinging Strike
1-2: Ball
2-2: Foul Ball, location: 2F
2-2: SINGLE (Line Drive, 4D, EV 105.0 MPH)
Alfonso Ramos to second
Pitching: LHP Sean Boyd
Batting: LHB Reginald James 0-0: Ball
1-0: Foul Ball, location: 2F
1-1: Foul Ball, location: 2F
1-2: Foul Ball, location: 2F
1-2: Ball
2-2: Fly out, F8 (Flyball, 89M, EV 90.6 MPH)
Batting: RHB Steffen Schulte 0-0: Foul Ball, location: 2F
0-1: Ball
1-1: Ball
2-1: Foul Ball, location: 2F
2-2: SINGLE (Groundball, 34D, EV 99.4 MPH)
Alfonso Ramos to third
Denny Wolfe to second
Runner from 3rd tries for Home, SAFE, no throw by RF
Batting: RHB Jochen Nelis 0-0: Called Strike
0-1: Called Strike
0-2: Ball
1-2: Ball
2-2: Foul Ball, location: 2F
2-2: SINGLE (Flyball, 9LS, EV 93.1 MPH)
Denny Wolfe to third
Steffen Schulte to second
Runner from 3rd tries for Home, throw by RF and OUT! 9-2
Bottom of the 5th over - 3 runs, 6 hits, 1 error, 2 left on base; Kennesaw 0 - Yucca Valley 7
TOP OF THE 6TH
Kennesaw Jets batting - Pitching for Yucca Valley Yellows : LHP Steve Walden
Batting: LHB José Costa 0-0: Ball
1-0: Ground out 1-3 (Groundball, 34S, EV 68.1 MPH)
Batting: LHB Jin-song Au-Yong 0-0: Ball
1-0: Ball
2-0: Ground out 4-3 (Groundball, 4, EV 82.5 MPH)
Batting: RHB Will Gamble 0-0: Ball
1-0: Called Strike
1-1: Ball
2-1: Fly out, F8 (Flyball, 8RM, EV 74.4 MPH)
Top of the 6th over - 0 runs, 0 hits, 0 errors, 0 left on base; Kennesaw 0 - Yucca Valley 7
BOTTOM OF THE 6TH
Yucca Valley Yellows batting - Pitching for Kennesaw Jets : LHP Sean Boyd
Batting: LHB Elijah Scott 0-0: Ball
1-0: Ball
2-0: Foul Ball, location: 2F
2-1: Foul Ball, location: 2F
2-2: Strikes out swinging
Batting: RHB Aaron Tuttle 0-0: Ball
1-0: Foul Ball, location: 2F
1-1: Called Strike
1-2: Foul Ball, location: 2F
1-2: Ball
2-2: Ground out 6-3 (Groundball, 6, EV 85.6 MPH)
Batting: LHB Tony San Pedro 0-0: Ball
1-0: Foul Ball, location: 2F
1-1: Ball
2-1: Swinging Strike
2-2: Ball
3-2: Ground out 4-3 (Groundball, 34D, EV 104.4 MPH)
Bottom of the 6th over - 0 runs, 0 hits, 0 errors, 0 left on base; Kennesaw 0 - Yucca Valley 7
TOP OF THE 7TH
Kennesaw Jets batting - Pitching for Yucca Valley Yellows : LHP Steve Walden
Pinch Hitting: LHB Scotty Forrest 0-0: Called Strike
0-1: Ball
1-1: Foul Ball, location: 2F
1-2: Ball
2-2: Strikes out looking
Batting: RHB Rubén Nuañez 0-0: Ball
1-0: Called Strike
1-1: Fly out, F7 (Flyball, 7, EV 80.6 MPH)
Batting: LHB Adrian Beard 0-0: Ball
1-0: Swinging Strike
1-1: Ball
2-1: Foul Ball, location: 2F
2-2: Foul Ball, location: 2F
2-2: Fly out, F8 (Line Drive, 8LD, EV 103.1 MPH)
Top of the 7th over - 0 runs, 0 hits, 0 errors, 0 left on base; Kennesaw 0 - Yucca Valley 7
BOTTOM OF THE 7TH
Yucca Valley Yellows batting - Pitching for Kennesaw Jets : LHP Sean Boyd
Now in RF: Scotty Forrest
Pinch Hitting: RHB Ken Gil 0-0: Called Strike
0-1: Foul Ball, location: 2F
0-2: Foul Ball, location: 2F
0-2: Foul Ball, location: 2F
0-2: Ball
1-2: Fly out, F8 (Flyball, 8LD, EV 100.0 MPH)
Batting: RHB Alfonso Ramos 0-0: Ball
1-0: Called Strike
1-1: Ball
2-1: Called Strike
2-2: Ball
3-2: Foul Ball, location: 2F
3-2: Foul Ball, location: 2F
3-2: Base on Balls
Batting: RHB Denny Wolfe 0-0: Foul Ball, location: 2F
0-1: Ball
1-1: Swinging Strike
1-2: 2-RUN HOME RUN (Line Drive, 7LD, EV 103.8 MPH), Distance : 350 ft
Batting: LHB Reginald James 0-0: Called Strike
0-1: Called Strike
0-2: Foul Ball, location: 2F
0-2: Ball
1-2: Foul Ball, location: 2F
1-2: Ball
2-2: Strikes out looking
Pinch Hitting: LHB Dan Knight 0-0: Foul Ball, location: 2F
0-1: Ball
1-1: Foul Ball, location: 2F
1-2: Foul Ball, location: 2F
1-2: Ball
2-2: Foul Ball, location: 2F
2-2: Ball
3-2: Foul Ball, location: 2F
3-2: Fly out, F7 (Flyball, 7S, EV 89.4 MPH)
Bottom of the 7th over - 2 runs, 1 hit, 0 errors, 0 left on base; Kennesaw 0 - Yucca Valley 9
TOP OF THE 8TH
Kennesaw Jets batting - Pitching for Yucca Valley Yellows : LHP Steve Walden
Now in CF: Júlio Silva
Now in RF: Ken Gil
Batting: RHB Wally Harrison 0-0: Called Strike
0-1: Swinging Strike
0-2: Ball
1-2: Ball
2-2: Foul Ball, location: 2F
2-2: Foul Ball, location: 2F
2-2: Ground out 6-3 (Groundball, 6, EV 86.9 MPH)
Batting: LHB Steve Hodge 0-0: Called Strike
0-1: Ball
1-1: Ball
2-1: Fly out, F8 (Line Drive, 8RD, EV 85.6 MPH)
Batting: RHB Steve Gill 0-0: Ball
1-0: Called Strike
1-1: Foul Ball, location: 2F
1-2: Strikes out swinging
Top of the 8th over - 0 runs, 0 hits, 0 errors, 0 left on base; Kennesaw 0 - Yucca Valley 9
BOTTOM OF THE 8TH
Yucca Valley Yellows batting - Pitching for Kennesaw Jets : LHP Sean Boyd
Batting: RHB Jochen Nelis 0-0: Ball
1-0: Ground out 4-3 (Groundball, 4, EV 100.6 MPH)
Pitching: RHP Chang-weon Sin
Pinch Hitting: LHB Robinson Martínez 0-0: Called Strike
0-1: Called Strike
0-2: SINGLE (Line Drive, 5L, EV 95.6 MPH)
Pinch Hitting: RHB Lucas Palgani 0-0: Called Strike
0-1: Foul Ball, location: 2F
0-2: Fly out, F7 (Flyball, 7, EV 94.4 MPH)
Batting: LHB Tony San Pedro 0-0: Foul Ball, location: 2F
0-1: Foul Ball, location: 2F
0-2: Ball
1-2: Ball
2-2: Ball
3-2: Base on Balls
Robinson Martínez to second
Batting: RHB Ken Gil 0-0: Ball
1-0: Ball
2-0: Foul Ball, location: 2F
2-1: Called Strike
2-2: Ball
3-2: Foul Ball, location: 2F
3-2: Strikes out swinging
Bottom of the 8th over - 0 runs, 1 hit, 0 errors, 2 left on base; Kennesaw 0 - Yucca Valley 9
TOP OF THE 9TH
Kennesaw Jets batting - Pitching for Yucca Valley Yellows : LHP Steve Walden
Now at 1B: Jarred Lloyd
Now in LF: John Gaudet
Batting: LHB José Costa 0-0: Ball
1-0: Called Strike
1-1: Foul Ball, location: 2F
1-2: Ground out 4-3 (Groundball, 4, EV 88.1 MPH)
Pinch Hitting: RHB Frank Mallam 0-0: Fly out, F8 (Flyball, 8LM, EV 92.5 MPH)
Batting: RHB Will Gamble 0-0: Ball
1-0: Called Strike
1-1: Ball
2-1: Swinging Strike
2-2: Strikes out swinging
Top of the 9th over - 0 runs, 0 hits, 0 errors, 0 left on base; Kennesaw 0 - Yucca Valley 9
Friday, March 26th, 2021 - OOTP Baseball 20.8 Build 74